[Event "Titled Tuesday Blitz January 25 2022"]
[White "Senthil Maran K"]
[Black "Perske, Thore"]
[WhiteFideId "25035681"]
[BlackFideId "12902195"]
[WhiteElo "2194"]
[BlackElo "2315"]
[Result "1-0"]
[Round "07"]
[TimeControl "180+1"]
[Date "2022.01.26"]
[WhiteClock "0:00:14"]
[BlackClock "0:00:09"]

1. d4 Nf6 2. Nf3 g6 3. g3 Bg7 4. Bg2 O-O 5. O-O d6 6. c4 Nc6 7. Nc3 a6 8. b3 Rb8 9. d5 Na5 10. Bg5 Bd7 11. Rc1 h6 12. Bf4 Re8 13. Qd2 Kh7 14. Rfd1 Rc8 15. Nd4 c5 16. dxc6 Nxc6 17. Nxc6 Bxc6 18. Nd5 Bxd5 19. cxd5 Qd7 20. Qd3 Rxc1 21. Rxc1 Rc8 22. Rc4 Rxc4 23. Qxc4 Ne8 24. e4 Qc7 25. Qxc7 Nxc7 26. Bf1 Bd4 27. Bc4 Kg7 28. Kf1 Ne8 29. Ke2 Nf6 30. f3 Nd7 31. b4 h5 32. Bd2 Bg1 33. h3 Bd4 34. a4 Ne5 35. Bb3 f5 36. f4 Nd7 37. Kf3 Nf6 38. exf5 gxf5 39. Bc4 Kg6 40. b5 axb5 41. axb5 b6 42. Be1 Ne4 43. g4 hxg4+ 44. hxg4 Nc5 45. gxf5+ Kxf5 46. Bd2 Kf6 47. Kg4 Ne4 48. Be1 Nc5 49. Bh4+ Kf7 50. Kf3 Bf6 51. Be1 Bd4 52. Bg3 Kf6 53. Bf1 Kf7 54. Bh3 Kf6 55. Bh4+ Kf7 56. Bg4 Kg7 57. Bxe7 Nb3 58. Bxd6 Kf7 59. Be6+ Kf6 60. Ke4 Ba1 61. Be5+ Bxe5 62. fxe5+ Ke7 63. Bg8 Nc5+ 64. Kf5 Nd3 65. d6+ Kd7 66. Bd5 Nb4 67. Bc6+ Nxc6 68. bxc6+ Kxc6 69. Ke6 b5 70. d7 b4 71. d8=Q b3 1-0


[Site "https://www.chess.com"]

[Event "Titled Tuesday Blitz January 25 2022"]
[White "Seul, Georg"]
[Black "Eljanov, Pavel"]
[WhiteFideId "4601653"]
[BlackFideId "14102951"]
[WhiteElo "2271"]
[BlackElo "2601"]
[Result "0-1"]
[Round "07"]
[TimeControl "180+1"]
[Date "2022.01.26"]
[WhiteClock "0:02:39"]
[BlackClock "0:02:39"]

1. e4 c6 2. d4 d5 3. e5 Bf5 4. h4 h5 5. Bd3 Bxd3 6. Qxd3 Qa5+ 7. Nd2 e6 8. Ne2 c5 9. O-O Nc6 10. Nb3 c4 0-1


[Site "https://www.chess.com"]

[Event "Titled Tuesday Blitz January 25 2022"]
[White "Shevchenko, Kirill"]
[Black "Samadov, Read"]
[WhiteFideId "14129574"]
[BlackFideId "13417444"]
[WhiteElo "2624"]
[BlackElo "2084"]
[Result "1/2-1/2"]
[Round "07"]
[TimeControl "180+1"]
[Date "2022.01.26"]
[WhiteClock "0:00:05"]
[BlackClock "0:00:06"]

1. d4 Nf6 2. Bg5 d5 3. e3 Bf5 4. Nd2 e6 5. Bd3 Bg6 6. Ngf3 Be7 7. Ne5 Bxd3 8. cxd3 Nbd7 9. f4 O-O 10. O-O c5 11. dxc5 Nxc5 12. Rc1 Rc8 13. Ndf3 Nfd7 14. Nxd7 Qxd7 15. Ne5 Qd6 16. Bxe7 Qxe7 17. Qc2 f6 18. Nf3 Qd7 19. Nd4 Ne4 20. Qe2 Nd6 21. g4 Rxc1 22. Rxc1 Rc8 23. Rf1 e5 24. fxe5 fxe5 25. Nf5 Rf8 26. Nxd6 Rxf1+ 27. Qxf1 Qxd6 28. Qf5 b6 29. Qc8+ Kf7 30. Qb7+ Kg6 31. Qc8 Kf7 32. Qf5+ Kg8 33. Kg2 a5 34. h4 g6 35. Qc8+ Kg7 36. Qb7+ Kg8 37. Qc8+ Kg7 38. a3 Qe7 39. Kh3 Qf7 40. Kg3 e4 41. Qc3+ Kg8 42. dxe4 dxe4 43. Qc8+ Kg7 44. Qc3+ Kg8 45. g5 Qf3+ 46. Kh2 Qf2+ 47. Kh3 Qf3+ 48. Kh2 Qf2+ 49. Kh3 Qf3+ 50. Kh2 1/2-1/2


[Site "https://www.chess.com"]

[Event "Titled Tuesday Blitz January 25 2022"]
[White "Siva Mahadevan"]
[Black "Seo, Jung Min"]
[WhiteFideId "25043153"]
[BlackFideId "1734687"]
[WhiteElo "2203"]
[BlackElo "2401"]
[Result "1-0"]
[Round "07"]
[TimeControl "180+1"]
[Date "2022.01.26"]
[WhiteClock "0:00:27"]
[BlackClock "0:00:04"]

1. e4 c5 2. Nf3 Nc6 3. Nc3 d6 4. d4 cxd4 5. Nxd4 Nf6 6. Nd5 Nxd5 7. exd5 Qa5+ 8. Bd2 Qxd5 9. Nb5 Qe6+ 10. Be2 Qd7 11. c4 a6 12. Nc3 e6 13. O-O Be7 14. Be3 O-O 15. Qa4 Ne5 16. Qc2 Qc7 17. b3 Bd7 18. f4 Ng6 19. f5 Ne5 20. Qd2 f6 21. fxe6 Bxe6 22. Nd5 Bxd5 23. Qxd5+ Kh8 24. Rae1 Qc6 25. Qd4 b5 26. cxb5 axb5 27. Rc1 Qb7 28. a4 bxa4 29. bxa4 d5 30. Bb5 Rfc8 31. h3 Bf8 32. Kh1 Nc4 33. Bf4 Nd6 34. Bd3 Ne4 35. Rxc8 Rxc8 36. Rb1 Qc6 37. Bxe4 dxe4 38. Rc1 Bc5 39. Qc4 h6 40. Be3 Bxe3 41. Qxc6 Rxc6 42. Rxc6 Bf2 43. Re6 f5 44. g4 g6 45. Kg2 e3 46. a5 Kg7 47. a6 Kf7 48. Rc6 1-0


[Site "https://www.chess.com"]

[Event "Titled Tuesday Blitz January 25 2022"]
[White "Sjugirov, Sanan"]
[Black "Dastan, Muhammed Batuhan"]
[WhiteFideId "4189302"]
[BlackFideId "6300014"]
[WhiteElo "2602"]
[BlackElo "2410"]
[Result "1-0"]
[Round "07"]
[TimeControl "180+1"]
[Date "2022.01.26"]
[WhiteClock "0:00:06"]
[BlackClock "0:00:15"]

1. e4 c5 2. Nf3 d6 3. Bb5+ Nd7 4. d4 Nf6 5. O-O cxd4 6. Qxd4 a6 7. Bxd7+ Bxd7 8. Bg5 e5 9. Qd3 Rc8 10. Nc3 Be6 11. Bxf6 Qxf6 12. Nd5 Qd8 13. c4 Be7 14. Rfd1 O-O 15. b3 Rc6 16. Qe2 f5 17. exf5 Bxf5 18. Ne3 Be6 19. Nxe5 Rc5 20. Nf3 Bf6 21. Rac1 Re8 22. Qd3 b5 23. cxb5 axb5 24. Rxc5 dxc5 25. Qxb5 Qe7 26. h3 Ra8 27. Rd2 h6 28. Qc6 Ra7 29. Nd5 Bxd5 30. Qxd5+ Kh8 31. Qf5 Rc7 32. Qf4 Ra7 33. g3 Kh7 34. Kg2 Kh8 35. h4 Kh7 36. Rc2 Kh8 37. a4 Rb7 38. Qc4 Rb4 39. Qxc5 Qxc5 40. Rxc5 Rxb3 41. Rc4 Ra3 42. g4 Kg8 43. g5 hxg5 44. hxg5 Bb2 45. g6 Kf8 46. Re4 Bf6 47. Nh2 Ra2 48. Ng4 Bc3 49. Ne3 Ra1 50. Nd5 Bb2 51. Nc7 1-0


[Site "https://www.chess.com"]

[Event "Titled Tuesday Blitz January 25 2022"]
[White "Song, Michael"]
[Black "Svane, Frederik"]
[WhiteFideId "2613190"]
[BlackFideId "12923044"]
[WhiteElo "2274"]
[BlackElo "2459"]
[Result "0-1"]
[Round "07"]
[TimeControl "180+1"]
[Date "2022.01.26"]
[WhiteClock "0:00:02"]
[BlackClock "0:00:01"]

1. e4 c5 2. Nf3 g6 3. c3 d5 4. exd5 Qxd5 5. d4 Bg7 6. Na3 cxd4 7. Bc4 Qe4+ 8. Be3 Nh6 9. cxd4 O-O 10. O-O Nf5 11. Re1 Nxe3 12. Rxe3 Qf4 13. Ne5 Bxe5 14. dxe5 Nc6 15. Qe1 Be6 16. Bxe6 fxe6 17. Rd1 Rad8 18. Rxd8 Rxd8 19. g3 Qf5 20. Qc3 Rd5 21. Nc4 Qg4 22. Kg2 Rc5 23. b3 b5 24. h3 Qg5 25. f4 Qf5 26. Qd2 bxc4 27. Qd7 c3 28. g4 Qxf4 29. Rf3 Qd2+ 30. Kg3 Qxd7 0-1


[Site "https://www.chess.com"]

[Event "Titled Tuesday Blitz January 25 2022"]
[White "Stark, Lars"]
[Black "Daneshvar, Bardiya"]
[WhiteFideId "4676386"]
[BlackFideId "12576468"]
[WhiteElo "2474"]
[BlackElo "2295"]
[Result "0-1"]
[Round "07"]
[TimeControl "180+1"]
[Date "2022.01.26"]
[WhiteClock "0:00:02"]
[BlackClock "0:01:11"]

1. c4 a6 2. Nc3 Nf6 3. g3 e6 4. Bg2 c5 5. Nf3 Nc6 6. O-O d6 7. b3 Be7 8. Bb2 O-O 9. e3 Rb8 10. d4 Qc7 11. d5 Ne5 12. Nxe5 dxe5 13. a4 exd5 14. Nxd5 Nxd5 15. Bxd5 Bh3 16. Re1 g6 17. Qf3 h5 18. Qe4 Bf5 19. Qxe5 Qxe5 20. Bxe5 Rbd8 21. Bxb7 Bd6 22. Bxd6 Rxd6 23. e4 Bg4 24. Bd5 Rb8 25. Re3 Rdb6 26. Ra3 a5 27. Kf1 Bd1 28. e5 Rxb3 29. e6 fxe6 30. Bxe6+ Kg7 31. Rexb3 Bxb3 32. Ke2 Rb4 33. Kd3 Bxa4 34. Kc3 Kf6 35. Bd5 g5 36. f4 gxf4 37. gxf4 Kf5 38. Ra2 Kxf4 39. Rf2+ Ke3 40. Rf7 Rb3+ 41. Kc2 Rb7+ 42. Kc3 Rxf7 43. Bxf7 h4 44. Kb2 Kd4 45. Ka3 Bd1 0-1


[Site "https://www.chess.com"]

[Event "Titled Tuesday Blitz January 25 2022"]
[White "Suarez Uriel, Adrian"]
[Black "Golubka, Petro"]
[WhiteFideId "22230874"]
[BlackFideId "14114224"]
[WhiteElo "2316"]
[BlackElo "2392"]
[Result "1/2-1/2"]
[Round "07"]
[TimeControl "180+1"]
[Date "2022.01.26"]
[WhiteClock "0:01:03"]
[BlackClock "0:00:14"]

1. e4 c5 2. Ne2 Na6 3. g3 h5 4. h3 h4 5. g4 e5 6. Bg2 d6 7. O-O Be7 8. d3 Nf6 9. f4 exf4 10. Nxf4 Nc7 11. Nc3 Ne6 12. Nxe6 Bxe6 13. Be3 Nd7 14. Qd2 Ne5 15. Rf2 Qd7 16. Raf1 O-O 17. Nd5 f6 18. b3 Rac8 19. Bf4 Bf7 20. g5 fxg5 21. Bxg5 Bxd5 22. exd5 Rxf2 23. Rxf2 Bxg5 24. Qxg5 Qd8 25. Qf5 g6 26. Qe6+ Kg7 27. Be4 Qg5+ 28. Rg2 Qe3+ 29. Kh2 Qf4+ 30. Kh1 Rh8 31. Qe7+ Qf7 32. Qxd6 Qf1+ 33. Kh2 Qf4+ 34. Kh1 Qf1+ 35. Kh2 Qf4+ 36. Kh1 Qf1+ 1/2-1/2


[Site "https://www.chess.com"]

[Event "Titled Tuesday Blitz January 25 2022"]
[White "Sviridov, Valery"]
[Black "Tristan, Leonardo"]
[WhiteFideId "4120680"]
[BlackFideId "113816"]
[WhiteElo "2454"]
[BlackElo "2404"]
[Result "1-0"]
[Round "07"]
[TimeControl "180+1"]
[Date "2022.01.26"]
[WhiteClock "0:01:30"]
[BlackClock "0:00:02"]

1. Nf3 d5 2. g3 Nf6 3. Bg2 Bf5 4. O-O e6 5. c4 c6 6. d3 Nbd7 7. cxd5 exd5 8. Nc3 Be7 9. Nd4 Bg6 10. e4 dxe4 11. dxe4 O-O 12. h3 Nc5 13. Re1 Qb6 14. Nf5 Bxf5 15. exf5 Rad8 16. Qc2 Rfe8 17. Be3 Qb4 18. Rad1 Rxd1 19. Rxd1 Rd8 20. Rxd8+ Bxd8 21. a3 Qb3 22. Qxb3 Nxb3 23. Bxa7 Nd7 24. Ne4 Bc7 25. Bf3 Be5 26. Bd1 Bd4 27. Bxb3 Bxa7 28. Nd6 Ne5 29. Kg2 Kf8 30. Nxb7 Nd3 31. Na5 Nxb2 32. Nxc6 Bc5 33. a4 Nd3 34. f4 Ke8 35. Ne5 Nxe5 36. fxe5 Bd4 37. e6 fxe6 38. fxe6 Ke7 39. Kf3 Bb6 40. Ke4 Kd6 41. g4 Bd8 42. Kd4 Kc6 43. Ke5 Bc7+ 44. Kf5 Kd6 45. h4 Bd8 46. g5 h6 47. Kg6 hxg5 48. hxg5 Ke7 1-0


[Site "https://www.chess.com"]

[Event "Titled Tuesday Blitz January 25 2022"]
[White "Sychev, Klementy"]
[Black "Shipov, Sergei"]
[WhiteFideId "4114060"]
[BlackFideId "4113624"]
[WhiteElo "2564"]
[BlackElo "2775"]
[Result "1-0"]
[Round "07"]
[TimeControl "180+1"]
[Date "2022.01.26"]
[WhiteClock "0:00:22"]
[BlackClock "0:00:23"]

1. d4 Nf6 2. c4 c5 3. d5 b5 4. Nf3 g6 5. cxb5 a6 6. bxa6 Bg7 7. Nc3 O-O 8. a7 Rxa7 9. e4 e6 10. Be2 exd5 11. exd5 d6 12. O-O Qb6 13. Nd2 Ba6 14. Bxa6 Qxa6 15. a4 Rb7 16. Ra3 Rb4 17. Nb5 Nxd5 18. Nf3 Qc6 19. Rd3 Ne7 20. Rxd6 Qb7 21. Re1 Nf5 22. Rd8 Nc6 23. Rxf8+ Bxf8 24. Re8 Ncd4 25. Nfxd4 cxd4 26. b3 Qc6 27. Rxf8+ Kxf8 28. Ba3 1-0


[Site "https://www.chess.com"]

[Event "Titled Tuesday Blitz January 25 2022"]
[White "Szpar, Milosz"]
[Black "Karabalis, Harilos"]
[WhiteFideId "1184989"]
[BlackFideId "4621808"]
[WhiteElo "2447"]
[BlackElo "2168"]
[Result "1-0"]
[Round "07"]
[TimeControl "180+1"]
[Date "2022.01.26"]
[WhiteClock "0:01:03"]
[BlackClock "0:01:15"]

1. e4 d6 2. d4 Nf6 3. Nc3 Nbd7 4. g4 h6 5. h3 e5 6. Nge2 c6 7. a4 Be7 8. Bg2 b6 9. O-O Bb7 10. Ng3 O-O 11. Nf5 Re8 12. Be3 Bf8 13. Qd2 Nh7 14. Rad1 exd4 15. Qxd4 d5 16. exd5 c5 17. Qf4 Qf6 18. Ne4 Qe5 19. Ned6 Reb8 20. Nxb7 Rxb7 21. d6 Rab8 22. Bxb7 Rxb7 23. Qxe5 Nxe5 24. Bf4 Nd7 25. Rfe1 g5 26. Bg3 Nhf6 27. Ne7+ Kg7 28. Nf5+ Kg6 29. f3 a6 30. c4 b5 31. cxb5 axb5 32. a5 Ra7 33. Ra1 Ra6 34. b4 c4 35. Rad1 h5 36. Kf1 h4 37. Bh2 Ra8 38. Ke2 Ra6 39. Kd2 Nd5 40. Ne7+ Kg7 41. Nxd5 Bxd6 42. Bxd6 Rxd6 43. Kc2 Nf6 44. Ne3 1-0


[Site "https://www.chess.com"]

[Event "Titled Tuesday Blitz January 25 2022"]
[White "Tikhonov, Viacheslav"]
[Black "Steinberg, Nitzan"]
[WhiteFideId "44196407"]
[BlackFideId "2801795"]
[WhiteElo "1773"]
[BlackElo "2440"]
[Result "0-1"]
[Round "07"]
[TimeControl "180+1"]
[Date "2022.01.26"]
[WhiteClock "0:00:13"]
[BlackClock "0:01:31"]

1. d4 Nf6 2. c4 g6 3. Nc3 Bg7 4. e4 d6 5. h3 O-O 6. Be3 Nfd7 7. Nf3 e5 8. d5 a5 9. Nd2 Na6 10. g4 Kh8 11. h4 f5 12. exf5 gxf5 13. gxf5 Ndc5 14. Nde4 Bxf5 15. Ng3 Qd7 16. Qd2 Nb4 17. Nxf5 Qxf5 18. Bxc5 dxc5 19. Rc1 e4 20. Nd1 Nd3+ 21. Bxd3 exd3 22. Ne3 Rae8 23. Rd1 Bd4 24. Rc1 Qf3 25. Qxd3 Bxe3 0-1


[Site "https://www.chess.com"]

[Event "Titled Tuesday Blitz January 25 2022"]
[White "Tregubov, Pavel V."]
[Black "Havanecz, Bianka"]
[WhiteFideId "4115341"]
[BlackFideId "704814"]
[WhiteElo "2341"]
[BlackElo "2378"]
[Result "1-0"]
[Round "07"]
[TimeControl "180+1"]
[Date "2022.01.26"]
[WhiteClock "0:02:13"]
[BlackClock "0:00:16"]

1. e4 c6 2. Nf3 d5 3. Nc3 Bg4 4. h3 Bxf3 5. Qxf3 e6 6. g3 Nf6 7. Bg2 Be7 8. O-O O-O 9. Rd1 Nbd7 10. d4 dxe4 11. Nxe4 Nxe4 12. Qxe4 Nf6 13. Qe2 Qd7 14. c4 Rfd8 15. Be3 Qc7 16. Rab1 Rd7 17. b4 Rad8 18. a4 b6 19. Qf3 c5 20. dxc5 bxc5 21. Rxd7 Qxd7 22. b5 Qd3 23. Rc1 h6 24. a5 Qa3 25. a6 Nd7 26. Qb7 Bg5 27. Bxg5 hxg5 28. Rd1 1-0


[Site "https://www.chess.com"]

[Event "Titled Tuesday Blitz January 25 2022"]
[White "Triapishko, Alexandr"]
[Black "Artemenko, Oleg"]
[WhiteFideId "14122286"]
[BlackFideId "14201798"]
[WhiteElo "2479"]
[BlackElo "2287"]
[Result "1/2-1/2"]
[Round "07"]
[TimeControl "180+1"]
[Date "2022.01.26"]
[WhiteClock "0:00:08"]
[BlackClock "0:00:13"]

1. d4 Nf6 2. c4 e6 3. Nc3 Bb4 4. Qc2 O-O 5. e4 d5 6. e5 Ne4 7. Bd3 c5 8. Ne2 Nc6 9. O-O h6 10. a3 cxd4 11. cxd5 exd5 12. Nxd5 Qxd5 13. Bxe4 Qa5 14. Bf4 Be7 15. Bxc6 bxc6 16. Nxd4 Bb7 17. Nxc6 Qc7 18. Nxe7+ Qxe7 19. Rac1 Qe6 20. Qc7 Qd5 21. f3 Qd4+ 22. Kh1 Ba6 23. Bg3 Bxf1 24. Rxf1 Qxb2 25. e6 Qb6 26. exf7+ Rxf7 27. Qc4 Qg6 28. Bf2 Kh7 29. Rc1 Re8 30. h3 Rfe7 31. Qc2 a6 32. Qxg6+ Kxg6 33. Kh2 Re2 34. Kg3 h5 35. h4 Rd2 36. Rc6+ Kh7 37. Rc5 Ree2 38. Rxh5+ Kg8 39. Bc5 Rxg2+ 40. Kf4 Rd7 41. Re5 Rc2 42. Re8+ Kh7 43. Be3 Rc3 44. a4 Rf7+ 45. Kg3 Ra3 46. Re4 Rc7 47. Bg5 Rcc3 48. Rf4 Kg6 49. Kg4 Ra2 50. h5+ Kh7 51. Re4 Rca3 52. Re7 Rxa4+ 53. f4 Kg8 54. Re8+ Kf7 55. Re7+ Kf8 56. Ra7 Rg2+ 57. Kf5 Ra5+ 58. Kg6 Re2 59. Rf7+ Ke8 60. Rxg7 Rd5 61. h6 Rd6+ 62. Kh5 Rh2+ 63. Kg4 Rdxh6 64. Bxh6 Rxh6 65. Kg5 Rc6 66. Ra7 Kf8 67. f5 Rb6 68. Kf4 Rc6 69. Ke5 Rb6 70. Rd7 Rc6 71. Kd5 Rb6 72. Rh7 Rf6 73. Ke5 Rb6 74. Rd7 Rc6 75. Rb7 Rh6 76. f6 Rh1 77. Rb8+ Kf7 78. Rb7+ Kf8 79. Ra7 Re1+ 80. Kf5 Rf1+ 81. Kg5 Rg1+ 82. Kf5 Rf1+ 83. Kg6 Rg1+ 84. Kf5 Rf1+ 1/2-1/2


[Site "https://www.chess.com"]

[Event "Titled Tuesday Blitz January 25 2022"]
[White "Urazayev, Arystanbek"]
[Black "Ambartsumova, Karina"]
[WhiteFideId "13709810"]
[BlackFideId "4166299"]
[WhiteElo "2321"]
[BlackElo "2262"]
[Result "1-0"]
[Round "07"]
[TimeControl "180+1"]
[Date "2022.01.26"]
[WhiteClock "0:00:10"]
[BlackClock "0:00:04"]

1. c4 e6 2. Nf3 Nf6 3. e3 d5 4. Nc3 Be7 5. b3 b6 6. Bb2 Bb7 7. Be2 Nbd7 8. O-O O-O 9. Rc1 c5 10. cxd5 Nxd5 11. d4 N5f6 12. Qc2 cxd4 13. Nxd4 Rc8 14. Rfd1 Qc7 15. Qb1 Qb8 16. Qa1 Ne5 17. h3 Qa8 18. Bf1 Ng6 19. Nce2 Nh4 20. g3 Nf3+ 21. Nxf3 Bxf3 22. Rxc8 Rxc8 23. Rc1 Rd8 24. Nd4 Bd5 25. Nb5 Ne8 26. Be5 Rc8 27. Rxc8 Qxc8 28. Nxa7 Qc2 29. Bg2 Bxg2 30. Kxg2 Bc5 31. Bd4 Qe4+ 32. Kg1 h5 33. h4 Qc2 34. Bxc5 bxc5 35. a4 Nf6 36. a5 Ng4 37. Qf1 Qxb3 38. a6 Qa2 39. Nc6 c4 40. a7 c3 41. f3 Nxe3 42. Qf2 Qa1+ 43. Kh2 c2 44. Qxe3 c1=Q 45. a8=Q+ Qxa8 46. Qxc1 Qa2+ 47. Kh3 Qd5 48. Qc3 Qf5+ 49. Kg2 Kh8 50. Nd4 Qd5 51. Ne2 Qa2 52. Qe3 g6 53. Kf2 Kh7 54. Qe5 Qc2 55. Qd4 Kg8 56. Qc3 Qa2 57. Ke3 Kh7 58. Qd2 Qa3+ 59. Kf2 Qa7+ 60. Kg2 Qa2 61. Qxa2 1-0


[Site "https://www.chess.com"]

[Event "Titled Tuesday Blitz January 25 2022"]
[White "Vakhlamov, Igor L."]
[Black "Zakhartsov, Vladimir"]
[WhiteFideId "24126748"]
[BlackFideId "4145097"]
[WhiteElo "2401"]
[BlackElo "2432"]
[Result "0-1"]
[Round "07"]
[TimeControl "180+1"]
[Date "2022.01.26"]
[WhiteClock "0:00:02"]
[BlackClock "0:00:09"]

1. e4 e5 2. Nf3 d6 3. d4 Nd7 4. Bc4 Be7 5. dxe5 dxe5 6. Ng5 Bxg5 7. Qh5 Qe7 8. Qxg5 Qxg5 9. Bxg5 f6 10. Be3 Nb6 11. Bb3 Ne7 12. Nc3 Bd7 13. a4 a5 14. f3 O-O-O 15. Nb5 Kb8 16. Kf2 Nbc8 17. Rhd1 b6 18. c4 c5 19. Nd6 Nxd6 20. Rxd6 Kc7 21. Rad1 Nc6 22. R6d3 Nd4 23. Ra1 Be6 24. Rc1 Rd6 25. Ba2 Rhd8 26. b3 g6 27. Rcd1 f5 28. Bg5 Re8 29. exf5 gxf5 30. Re1 Bf7 31. Bc1 Bg6 32. Rdd1 Kb7 33. g3 Rde6 34. f4 Bh5 35. Rd3 exf4 36. Rxe6 Rxe6 37. Rd2 Re3 38. gxf4 Rf3+ 39. Kg2 Rxf4 40. Rf2 Rg4+ 41. Kf1 Rg6 42. Be3 Nf3 43. Bb1 Bg4 44. Bf4 Re6 45. Bd3 Re1+ 46. Kg2 Rg1# 0-1


[Site "https://www.chess.com"]

[Event "Titled Tuesday Blitz January 25 2022"]
[White "Vlassov, Nikolai"]
[Black "Lenderman, Aleksandr"]
[WhiteFideId "4103360"]
[BlackFideId "2021285"]
[WhiteElo "2407"]
[BlackElo "2651"]
[Result "0-1"]
[Round "07"]
[TimeControl "180+1"]
[Date "2022.01.26"]
[WhiteClock "0:00:19"]
[BlackClock "0:00:26"]

1. e4 e6 2. d4 d5 3. exd5 exd5 4. Nf3 Nc6 5. Bd3 Bg4 6. O-O Qd7 7. Re1+ Be7 8. c3 O-O-O 9. b4 Bd6 10. Nbd2 Nge7 11. b5 Na5 12. Qa4 b6 13. Ne5 Bxe5 14. dxe5 Bf5 15. Bf1 d4 16. Nb3 dxc3 17. Nxa5 bxa5 18. Qxa5 Qd5 19. Qxc3 Ng6 20. Bc4 Qd4 21. Qxd4 Rxd4 22. Bxf7 Nxe5 23. Bb2 Rd7 24. Bxe5 Rxf7 25. f4 Rd8 26. Re2 Rd5 27. a4 Bd3 28. Rd2 g5 29. fxg5 Rxe5 30. Rxd3 Rxg5 31. Rf1 Re7 32. h3 Kb7 33. Kh2 Re4 34. Ra1 Re2 35. Rg3 Rc5 36. Raa3 h5 37. h4 Rc4 38. Kh3 Ree4 39. Rg6 Rxh4+ 40. Kg3 Rxa4 41. Rd3 Rhg4+ 42. Rxg4 Rxg4+ 43. Kh3 Rg5 44. Rb3 Kb6 45. g3 Rxb5 46. Rf3 a5 47. Rf6+ c6 48. Kh4 a4 49. Rf8 Ra5 50. Rb8+ Kc7 51. Ra8 Rxa8 0-1


[Site "https://www.chess.com"]

[Event "Titled Tuesday Blitz January 25 2022"]
[White "Vokhidov, Shamsiddin"]
[Black "Hjartarson, Johann"]
[WhiteFideId "14204223"]
[BlackFideId "2300044"]
[WhiteElo "2611"]
[BlackElo "2484"]
[Result "1-0"]
[Round "07"]
[TimeControl "180+1"]
[Date "2022.01.26"]
[WhiteClock "0:00:41"]
[BlackClock "0:00:31"]

1. e4 g6 2. d4 Bg7 3. Nf3 d6 4. Bc4 e6 5. Qe2 a6 6. c3 b5 7. Bd3 Bb7 8. a4 c6 9. Nbd2 Nd7 10. O-O Ne7 11. b3 O-O 12. Bb2 Nb6 13. c4 bxa4 14. bxa4 c5 15. Rfb1 cxd4 16. Bxd4 Bxd4 17. Nxd4 Rb8 18. Qe3 Nd7 19. Be2 Nc5 20. N4b3 Nxb3 21. Nxb3 Qc7 22. c5 Rfc8 23. cxd6 Qxd6 24. Na5 Ba8 25. Nc4 Qc7 26. Nb6 Rd8 27. Bxa6 Qc6 28. f3 Qc2 29. Rc1 Qb2 30. Rab1 Qa2 31. Bc4 Qd2 32. Qxd2 Rxd2 33. a5 Nc6 34. a6 Rbd8 35. Bf1 Ra2 36. Nxa8 1-0


[Site "https://www.chess.com"]

[Event "Titled Tuesday Blitz January 25 2022"]
[White "Willow, Jonah B"]
[Black "Kislinsky, Alexey"]
[WhiteFideId "438804"]
[BlackFideId "14108801"]
[WhiteElo "2261"]
[BlackElo "2335"]
[Result "1-0"]
[Round "07"]
[TimeControl "180+1"]
[Date "2022.01.26"]
[WhiteClock "0:00:19"]
[BlackClock "0:00:05"]

1. e4 c5 2. Nf3 Nc6 3. Nc3 g6 4. d4 cxd4 5. Nxd4 Bg7 6. Be3 Nf6 7. Bc4 O-O 8. Bb3 Qa5 9. O-O d6 10. h3 Bd7 11. Qd2 Rac8 12. Rad1 Rfe8 13. Rfe1 Ne5 14. Qe2 Qa6 15. Qxa6 bxa6 16. Bc1 Nc4 17. f4 e5 18. Nf3 Be6 19. Bxc4 Bxc4 20. Rxd6 exf4 21. Bxf4 Nh5 22. Bd2 Bf8 23. Rd7 Nf6 24. Rb7 Bc5+ 25. Kh1 Bf2 26. Rd1 Nxe4 27. Nxe4 Rxe4 28. Bc3 Bg3 29. Ng5 Re2 30. Rbd7 Rce8 31. Rd8 h6 32. Rxe8+ Rxe8 33. Ne4 Be5 34. Nf6+ Bxf6 35. Bxf6 g5 36. b3 Be6 37. c4 Kh7 38. Rd6 Kg6 39. Bd4 Kf5 40. Rxa6 Rd8 41. Bf2 Rd2 42. Kg1 Rd1+ 43. Kh2 Rd2 44. Be3 Re2 45. Bd4 h5 46. Ra5+ Kf4 47. Bxa7 h4 48. Bb8+ Ke3 49. Rxg5 Kf2 50. Ba7+ Kf1 51. a4 f5 52. a5 f4 53. Kh1 Ra2 54. b4 Bxc4 55. Rf5 Bd5 56. Rxd5 f3 57. gxf3 Ke2 58. Kg2 Ke1+ 59. Kg1 Ke2 60. Re5+ Kxf3 61. Re3+ Kf4 62. Kf1 Ra1+ 63. Ke2 Ra2+ 64. Kd3 Ra3+ 65. Kc4 Ra2 66. Kb5 Rd2 67. a6 Rg2 68. Bc5 Rg3 69. a7 Rxe3 70. Bxe3+ 1-0


[Site "https://www.chess.com"]

[Event "Titled Tuesday Blitz January 25 2022"]
[White "Yang, Kaiqi"]
[Black "Srihari L R"]
[WhiteFideId "8604398"]
[BlackFideId "46617116"]
[WhiteElo "2373"]
[BlackElo "2121"]
[Result "0-1"]
[Round "07"]
[TimeControl "180+1"]
[Date "2022.01.26"]
[WhiteClock "0:00:01"]
[BlackClock "0:00:22"]

1. c4 e5 2. g3 c6 3. Nf3 d6 4. Nc3 Nd7 5. d4 Ngf6 6. Bg2 Be7 7. O-O O-O 8. h3 e4 9. Ne1 d5 10. cxd5 cxd5 11. Bg5 h6 12. Bxf6 Nxf6 13. Qb3 Rb8 14. Nc2 Be6 15. Ne3 Qd7 16. Kh2 Rfd8 17. Qb5 a6 18. Qxd7 Rxd7 19. Rac1 b5 20. Rc2 b4 21. Na4 b3 22. axb3 Rxb3 23. Ra1 Rdb7 24. Nd1 Bd7 25. Nc5 Bxc5 26. dxc5 Bb5 27. e3 Rc7 28. Kg1 Nd7 29. c6 Ne5 30. Rc5 Bc4 31. Bf1 Nd3 32. Bxd3 Bxd3 33. Rxd5 Rxc6 34. h4 Kh7 35. g4 Rc2 36. Kh2 Be2 37. Kg3 Bxd1 38. Raxd1 Rbxb2 39. Rf5 f6 40. Rd7 Rd2 41. Re7 Rd6 42. Rxe4 Rb1 43. h5 Rg1+ 44. Kf3 Ra1 45. Re8 Rad1 46. Ra8 Rc6 0-1


[Site "https://www.chess.com"]

[Event "Titled Tuesday Blitz January 25 2022"]
[White "Zhigalko, Sergei"]
[Black "Xiong, Jeffery"]
[WhiteFideId "13502956"]
[BlackFideId "2047640"]
[WhiteElo "2662"]
[BlackElo "2727"]
[Result "1-0"]
[Round "07"]
[TimeControl "180+1"]
[Date "2022.01.26"]
[WhiteClock "0:00:02"]
[BlackClock "0:00:22"]

1. e4 c6 2. d4 d5 3. e5 Bf5 4. Nf3 e6 5. Be2 Ne7 6. O-O h6 7. Nbd2 Nd7 8. a4 Bh7 9. a5 Ng6 10. Re1 Be7 11. c3 O-O 12. b4 f6 13. exf6 Bxf6 14. Bd3 Qe8 15. Qc2 Qf7 16. Nb3 Rae8 17. Nc5 Nxc5 18. bxc5 Kh8 19. a6 bxa6 20. Rxa6 e5 21. dxe5 Nxe5 22. Nxe5 Rxe5 23. Rxe5 Bxd3 24. Qxd3 Bxe5 25. Be3 Qb7 26. g3 Bxc3 27. Bxh6 Qb2 28. Be3 Be1 29. Qf1 Qc3 30. Rxa7 Re8 31. Ra4 Bd2 32. Rh4+ Kg8 33. Qh3 Bxe3 34. Rh8+ Kf7 35. Qh5+ g6 36. Qf3+ Kg7 37. Rxe8 Qc1+ 38. Kg2 Bxc5 39. Re6 1-0


[Site "https://www.chess.com"]

[Event "Titled Tuesday Blitz January 25 2022"]
[White "Zong, Davis"]
[Black "Ezat, Mohamed"]
[WhiteFideId "30903955"]
[BlackFideId "10600906"]
[WhiteElo "2061"]
[BlackElo "2386"]
[Result "0-1"]
[Round "07"]
[TimeControl "180+1"]
[Date "2022.01.26"]
[WhiteClock "0:00:05"]
[BlackClock "0:00:58"]

1. e4 d5 2. exd5 c6 3. dxc6 Nxc6 4. Nf3 e5 5. Bb5 Bd6 6. O-O Ne7 7. Nc3 O-O 8. Re1 Nd4 9. Nxd4 exd4 10. Ne4 Bc7 11. Bf1 Ng6 12. d3 h6 13. c3 Ne5 14. cxd4 Nc6 15. Be3 Nxd4 16. Rc1 Bb6 17. b4 Be6 18. a3 Bb3 19. Qg4 f5 20. Qg6 fxe4 21. dxe4 Qf6 22. Qg3 Kh8 23. Bd3 Rad8 24. e5 Qf7 25. Bg6 Qd5 26. Qh4 Nf5 27. Bxf5 Rxf5 28. Bxh6 Bxf2+ 29. Qxf2 Rxf2 30. Kxf2 gxh6 31. Rc7 Qd2+ 32. Re2 Rf8+ 0-1


[Site "https://www.chess.com"]

[Event "Titled Tuesday Blitz January 25 2022"]
[White "Abarca Gonzalez, Nicolas"]
[Black "Cunjalo, Faris"]
[WhiteFideId "3409422"]
[BlackFideId "14410710"]
[WhiteElo "2504"]
[BlackElo "2263"]
[Result "0-1"]
[Round "08"]
[TimeControl "180+1"]
[Date "2022.01.26"]
[WhiteClock "0:02:05"]
[BlackClock "0:01:49"]

1. e4 c6 2. d4 d5 3. exd5 cxd5 4. c4 Nf6 5. Nc3 Nc6 6. Nf3 g6 7. cxd5 Nxd5 8. Bc4 Nxc3 9. bxc3 Bg7 10. h4 h6 11. h5 g5 12. Qd3 Na5 13. Bb5+ Bd7 14. Qf5 Nc6 15. Qf4 gxf4 0-1


[Site "https://www.chess.com"]